 Seeded DCSS version 0.27.1-16-g815e20cd7a (webtiles) character file.

Game seed: 9994578473121069481 (custom seed)

1522 oldmanjim the Changer (level 8, -22/50 (54) HPs)
             Began as an Octopode Transmuter on Nov 22, 2021.
             Was an Initiate of Gozag.
             Killed from afar by a gnoll sergeant (24 damage)
             ... with a bolt of acid
             ... on level 5 of the Dungeon.
             The game lasted 00:58:40 (10059 turns).

oldmanjim the Changer (Octopode Transmuter)        Turns: 10059, Time: 00:58:41

HP:   -22/50 (54)   AC:  1    Str: 10    XL:     8   Next: 84%
MP:   21/21         EV: 13    Int: 21    God:    Gozag
Gold: 326           SH:  6    Dex: 12    Spells: 3/13 levels left

rFire    . . .     SeeInvis .   a - +0 hand crossbow
rCold    . . .     Faith    .   E - +1 buckler "Mywomnal" {rElec Int+4}
rNeg     . . .     Spirit   .   (helmet currently unavailable)
rPois    .         Reflect  .   (no amulet)
rElec    +         Harm     .   h - ring of magical power
rCorr    .         Rampage  .   (no ring)
Will     .....                  (no ring)
Stlth    +++.......             (no ring)
HPRegen  0.16/turn              (no ring)
MPRegen  0.17/turn              (no ring)
                                (no ring)
                                (no ring)

@: appendages, drained, invisible
A: tentacle spike 3, almost no armour, amphibious, 8 rings, camouflage 1,
gelatinous body 1, (nimble swimmer 1), tentacles
a: End Transformation, Renounce Religion, Potion Petition, Call Merchant, Bribe
Branch


You were on level 5 of the Dungeon.
You worshipped Gozag.
Gozag was aware of your devotion.
One of your tentacles had grown a beastly spike.
You visited 2 branches of the dungeon, and saw 10 of its levels.

You collected 445 gold pieces.
You paid 119 gold pieces to Gozag.

Inventory:

Hand Weapons
 a - a +0 hand crossbow (weapon)
Missiles
 e - 123 arrows
 f - 14 sling bullets
 g - 95 bolts (quivered ammo)
 j - 16 poisoned darts
 k - a throwing net
 l - 76 stones
 s - 5 boomerangs
Armour
 E - the +1 buckler "Mywomnal" (worn) {rElec Int+4}
   (You acquired it on level 1 of the Dungeon)

   Int:       It affects your intelligence (+4).
   rElec:     It insulates you from electricity.
Magical Staves
 D - a staff of cold
Jewellery
 h - a ring of magical power (left tentacle)
Wands
 n - a wand of paralysis (3)
 q - a wand of acid (8)
 w - a wand of polymorph (6)
Scrolls
 m - a scroll of enchant armour
 o - 3 scrolls of identify
 p - a scroll of enchant weapon {unknown}
 t - a scroll of noise {unknown}
 u - a scroll of fog {unknown}
 v - 2 scrolls of immolation
 y - a scroll of vulnerability
 A - a scroll of holy word {unknown}
Potions
 c - a potion of haste
 d - 4 potions of curing
 i - 3 potions of lignification
 r - a potion of flight
 x - a potion of invisibility
 z - a potion of might
 B - a potion of heal wounds {unknown}
 C - a potion of brilliance {unknown}


   Skills:
 - Level 4.0 Fighting
 + Level 2.1 Dodging
 - Level 3.0 Stealth
 - Level 4.0 Shields
 - Level 6.0 Unarmed Combat
 - Level 3.0 Spellcasting
 - Level 6.0 Transmutations
 - Level 2.0 Earth Magic
 - Level 2.0 Poison Magic
 + Level 0.2 Evocations


You had 3 spell levels left.
You knew the following spells:

 Your Spells              Type           Power      Damage    Failure   Level
a - Beastly Appendage     Tmut           56%        N/A       1%          1
b - Spider Form           Tmut/Pois      9%         N/A       8%          3
c - Statue Form           Tmut/Erth      12%        N/A       98%         6

Your spell library contained the following spells:

 Spells                   Type           Power      Damage    Failure   Level
 Wereblood                Tmut           28%        N/A       1%          2
 Foxfire                  Conj/Fire      12%        2x1d4     13%         1
 Poisonous Vapours        Pois/Air       14%        N/A       13%         2
 Corpse Rot               Necr/Air       N/A        N/A       21%         2
 Sublimation of Blood     Necr           1%         N/A       21%         2
 Conjure Flame            Conj/Fire      3%         6-21      36%         3
 Inner Flame              Hex/Fire       3%         N/A       36%         3
 Ozocubu's Armour         Ice            3%         N/A       36%         3
 Ice Form                 Ice/Tmut       15%        N/A       36%         4
 Leda's Liquefaction      Hex/Erth       3%         N/A       65%         4
 Bolt of Magma            Conj/Fire/Erth 2%         4d4       96%         5
 Freezing Cloud           Conj/Ice/Air   1%         6-21      98%         5
 Ozocubu's Refrigeration  Ice            1%         4d5       100%        7
 Summon Hydra             Summ           1%         N/A       100%        7


Dungeon Overview and Level Annotations

Branches:
Dungeon (9/15)             Temple (1/1) D:6
   Lair: D:8-11         Orc: D:9-12

Altars:
Ashenzari
Cheibriados
Dithmenos
Elyvilon
Fedhas
Gozag
Hepliaklqana
Kikubaaqudgha
Makhleb
Nemelex Xobeh
Okawaru
Qazlal
Ru
Sif Muna
Trog
Uskayaw
Vehumet
Wu Jian
Xom
Yredelemnul
Zin
The Shining One

Shops:
D:1 *=   D:4 :

Annotations:
D:4 2 runed translucent doors, exclusions: 2 doors and ogre, unlimited1921's ghost, amateur TrFi
D:8 Harold


Innate Abilities, Weirdness & Mutations

One of your tentacles has grown a beastly spike.
You cannot wear most types of armour.
You are amphibious.
You can wear up to eight rings at the same time.
Your skin changes colour to match your surroundings (Stealth+).
Your rubbery body absorbs attacks. (AC +1, EV +1)
((You are camouflaged near water. (Stealth+)))
You have tentacles for arms and can constrict up to eight enemies at once.


Message History

The bolt hits the gnoll but does no damage.
The gnoll is severely wounded.
The gnoll hits you from afar with a +0 halberd!
You shoot a bolt. The bolt hits the centaur skeleton.
The centaur skeleton is moderately damaged.
You block the centaur skeleton's attack.
The centaur skeleton closely misses you.
The gnoll misses you. The centaur skeleton hits you.
The centaur skeleton closely misses you.
The gnoll is distracted by your dazzling golden aura.
Casting: Beastly Appendage (safe; 1% risk of failure)
Confirm with . or Enter, or press ? or * to list all spells.
One of your tentacles grows a vicious spike.
The centaur skeleton closely misses you.
The centaur skeleton misses you.
The centaur skeleton completely misses you.
The centaur skeleton kicks you but does no damage.
The gnoll is no longer distracted by gold.
The gnoll hits you from afar with a +0 halberd.
b - a +0 hunting sling (weapon)
The gnoll closely misses you.
The gnoll hits you from afar with a +0 halberd.
The centaur skeleton hits you. The centaur skeleton misses you.
The gnoll sergeant hits you with a +1 quarterstaff of draining!
You feel drained. You block the gnoll's attack.
You climb upwards.
There is a stone staircase leading down here.
You see here a +0 club.
Really attack while wielding your +0 hunting sling?
Okay, then.
a - a +0 hand crossbow (weapon)
You drop a +0 hunting sling.
The gnoll sergeant hits you with a +1 quarterstaff of draining!
* * * LOW HITPOINT WARNING * * *
You feel drained.
* * * LOW HITPOINT WARNING * * *
You fade into invisibility!
The gnoll sergeant zaps a wand.
The bolt of acid hits you!!
You die...
Your body crumbles into a pile of gold.

.##.###.######.####.#[##.###.#
.##............W....#.##.# #.#
.................####....###.##
.........#.##..:.W###..####...##
.##......#.##..#...............#
###......#.##....####..####....#
#..#####.##..### #..# ##.#.#
#..# #.##..######..# #.#.#
###..#####.##...@g.)>..# #.#.#
...........##..#######.## #.#.#
####.##.#####.... ##..[## #.#.#
#.#...####.##.# #.#.#.###.#.#
#.......##.#...##...).....#.#
###.....##...#..#.#.#.#####.#
#....W...###.#....## #.#
##.#.......#...#..## #.# #...
####....##.### #.#


You could see a gnoll sergeant.

Vanquished Creatures
  2 sky beasts (D:5)
  An ogre (D:4)
  2 black bears
  A centaur (D:5)
  A bullfrog (D:8)
  3 scorpions
  A water moccasin zombie (D:6)
  A water moccasin skeleton (D:5)
  A centaur zombie (D:5)
  An orc priest (D:6)
  2 centaur skeletons (D:6)
  A gnoll shaman (D:5)
  2 hounds (D:5)
  A bullfrog skeleton (D:6)
  An iguana (D:6)
  3 orc wizards (D:6)
  A hound zombie (D:5)
  A hound skeleton (D:5)
  13 gnolls
  2 adders
  2 ufetubi
  2 worms (D:2)
  2 dart slugs
  22 orcs
  9 bats
  8 endoplasms
  5 giant cockroaches
  9 goblins
  5 hobgoblins
  3 jackals (D:3)
  3 quokkas
  12 ball pythons
  3 frilled lizards
  7 kobolds
  5 rats
138 creatures vanquished.

Notes
Turn   | Place    | Note
-------+----------+-------------------------------------------
     0 | D:1      | oldmanjim the Octopode Transmuter began the quest for the
                  | Orb.
     0 | D:1      | Reached XP level 1. HP: 13/13 MP: 3/3
   188 | D:1      | Reached XP level 2. HP: 13/18 MP: 3/5
   328 | D:1      | Found Jauson's Jewellery Shoppe.
   776 | D:1      | Reached XP level 3. HP: 24/24 MP: 6/6
   780 | D:1      | Learned a level 3 spell: Spider Form
   847 | D:1      | Found Esseish's General Store.
   893 | D:1      | Found a faded altar of an unknown god.
  1263 | D:1      | Identified a scroll of acquirement
  1263 | D:1      | Acquired the +1 buckler "Mywomnal" {rElec Int+4}
  1536 | D:2      | Reached XP level 4. HP: 26/29 MP: 7/7
  2510 | D:3      | Reached skill level 1 in Shields
  3051 | D:3      | Reached XP level 5. HP: 21/34 MP: 8/8
  4241 | D:4      | Found Bethed's Book Boutique.
  4266 | D:4      | Noticed an ogre
  4469 | D:4      | Found a large runed translucent door.
  4469 | D:4      | Found a large runed translucent door.
  4470 | D:4      | Noticed unlimited1921's ghost (amateur TrFi)
  4514 | D:5      | Entered Level 5 of the Dungeon
  4588 | D:5      | Noticed a phantom
  4926 | D:5      | Reached XP level 6. HP: 35/39 MP: 9/9
  5355 | D:5      | Noticed a sky beast
  5376 | D:5      | Killed a sky beast
  5585 | D:5      | Noticed a black bear
  5596 | D:5      | Killed a black bear
  5597 | D:5      | Reached XP level 7. HP: 39/45 MP: 10/10
  5602 | D:5      | Reached skill level 5 in Transmutations
  6277 | D:4      | Learned a level 6 spell: Statue Form
  6370 | D:5      | Reached skill level 5 in Unarmed Combat
  7009 | D:5      | Reached XP level 8. HP: 23/51 MP: 12/12
  7886 | D:6      | Reached skill level 1 in Stealth
  7969 | D:6      | Found a staircase to the Ecumenical Temple.
  7980 | Temple   | Entered the Ecumenical Temple
  8604 | Temple   | Became a worshipper of Gozag Ym Sagoz the Greedy
  9393 | D:6      | Reached skill level 1 in Earth Magic
  9624 | D:6      | Found a shimmering altar of Xom.
  9820 | D:6      | You fall into a shaft and drop 3 floors!
  9943 | D:8      | Noticed Harold
 10058 | D:5      | HP: 2/50 [gnoll sergeant (3)]
 10059 | D:5      | Killed from afar by a gnoll sergeant

Illustrated notes

Levels and vault maps discovered:
D:1:      zelgadis_glass_arrival_small, layout_basic,
          hellmonk_ecumenical_altar_arch_garden, serial_shops,
          nicolae_lakefront_shop, nicolae_shop_crystal
D:2:      layout_loops_ring
D:3:      layout_basic
D:4:      layout_basic, ebering_ghost_disaster_area, serial_shops, shop_coins
D:5:      layout_loops_ring
D:6:      cheibrodos_barr_body, layout_rooms, old_standard_altar,
          minmay_temple_entry_sparse_star
D:7:      layout_loops_ring, uniq_joseph, uniq_duvessa
D:8:      layout_rooms, minmay_shop_damaged, uniq_harold, uniq_pikel
D:9:      layout_loops_ring, ebering_ghost_rock_garden
Temple:   nicolae_temple_the_god_donut

Skill      XL: |  1  2  3  4  5  6  7  8 |
---------------+-------------------------+-----
Fighting       | 2 4 |  4.0
Shields        | 1 3 4 |  4.0
Unarmed Combat | 4 5 6 |  6.0
Transmutations | 3 4 5 6 |  6.0
Poison Magic   | 2 |  2.0
Spellcasting   | 3 |  3.0
Stealth        | 3 |  3.0
Earth Magic    | 2 |  2.0
Dodging        | |  2.1
Evocations     | |  0.2

Action                   |  1- 3 |  4- 6 |  7- 9 || total
-------------------------+-------+-------+-------++-------
Melee: Unarmed           |    81 |   125 |   135 ||   341
       Constrict         |    20 |    29 |    15 ||    64
       Tentacles         |     9 |    23 |    12 ||    44
       Kick              |    13 |    26 |    17 ||    56
       Punch             |     1 |     2 |     4 ||     7
 Fire: Hand crossbow     |       |       |    13 ||    13
Throw: Dart              |       |    41 |       ||    41
 Cast: Beastly Appendage |    22 |    31 |    15 ||    68
       Spider Form       |       |     1 |    15 ||    16
Evoke: Wand              |       |     1 |       ||     1
  Use: Scroll            |     3 |     4 |     6 ||    13
       Potion            |       |       |     1 ||     1
 Stab: Sleeping          |    11 |     5 |     3 ||    19
       Paralysed         |       |     5 |       ||     5
Armor: Skin              |    10 |     5 |    18 ||    33
Dodge: Dodged            |    46 |    53 |   145 ||   244
Block: Buckler           |     3 |    20 |    20 ||    43
